[Event "45th FIDE Olympiad 2024"]
[Site "Budapest"]
[Date "2024.09.15"]
[Round "5.7"]
[White "Sandiford, Keron"]
[Black "Belzo, Krzysztof"]
[Result "0-1"]
[ECO "A45"]
[WhiteElo "1755"]
[BlackElo "2076"]
[PlyCount "81"]
[EventDate "2024.09.05"]
[EventType "team-tourn"]
[EventCountry "HUN"]
[WhiteTeam "Guyana"]
[BlackTeam "Jersey"]
[WhiteTeamCountry "GUY"]
[TimeControl "40/5400+30:1800+30"]

1. d4 Nf6 2. Bf4 c5 3. c3 Qb6 4. Qb3 cxd4 5. Qxb6 axb6 6. Bxb8 dxc3 7. Nxc3 Rxb8 8. e3 e6 9. a3 Bc5 10. Nf3 O-O 11. Bd3 d5 12. O-O Bd7 13. Ne5 Bc6 14. Nb5 Rfd8 15. Nxc6 bxc6 16. Na7 Rd6 17. b4 Bxe3 18. fxe3 Ra8 19. Nb5 cxb5 20. Bxb5 d4 21. Rfd1 e5 22. exd4 exd4 23. Rac1 g6 24. Rc6 Rad8 25. Rxd6 Rxd6 26. h3 Ne4 27. Bf1 Nc3 28. Rd2 f5 29. Bd3 Kf7 30. Bc2 Kf6 31. a4 Ke5 32. Rd3 Kd5 33. Bb3+ Ke5 34. Kf2 Rd8 35. Kf3 Ra8 36. g4 Nxa4 37. gxf5 gxf5 38. Rd2 Nc3 39. Bc2 Ne4 40. Rg2 Ra3+ 41. Ke2 {0-} 0-1

[Event "45th FIDE Olympiad 2024"]
[Site "Budapest"]
[Date "2024.09.15"]
[Round "5.8"]
[White "Gledura, Benjamin"]
[Black "Onyshchuk, Volodymyr"]
[Result "1/2-1/2"]
[ECO "B15"]
[WhiteElo "2628"]
[BlackElo "2610"]
[Annotator "TA"]
[PlyCount "70"]
[EventDate "2024.09.05"]
[EventType "team-tourn"]
[EventCountry "HUN"]
[SourceTitle "playchess.com"]
[Source "ChessBase"]
[SourceQuality "1"]
[WhiteTeam "Hungary"]
[BlackTeam "Ukraine"]
[WhiteTeamCountry "HUN"]
[BlackTeamCountry "UKR"]
[TimeControl "40/5400+30:1800+30"]

1. e4 c6 2. d4 d5 3. Nc3 dxe4 4. Nxe4 Nf6 5. Nxf6+ exf6 6. c3 Bd6 7. Bd3 O-O 8. Ne2 Re8 9. O-O Na6 10. Qc2 g6 11. Bd2 Nc7 12. c4 Bd7 13. Rfe1 f5 14. Qb3 b6 15. Bf4 Bxf4 16. Nxf4 Qf6 17. Qc3 Qd6 18. g3 Ne6 19. Nxe6 Bxe6 20. Be2 Rad8 21. Rad1 f4 22. Bf3 fxg3 23. hxg3 c5 24. dxc5 Qxc5 {[%emt 0:00:07] [#]} 25. Bd5 $1 Bxd5 26. Rxe8+ Rxe8 27. Rxd5 $11 {[%emt 0:00:38][%mdl 4096] Endgame. KQR-KQR} Qe7 28. b4 (28. Kh2 $11) 28... Qe4 (28... Qe1+ $1 $15 29. Qxe1 Rxe1+ 30. Kg2 Re4) 29. a3 {[%emt 0:01:14] The position is equal.} h5 30. Qd3 Qe7 31. Rd4 Qf6 32. Kg2 Re1 33. Rd8+ Kg7 34. Qd4 Qxd4 35. Rxd4 Ra1 {[%emt 0:00:29] A balanced but interesting game.   Weighted Error Value: White=0.06 (flawless) /Black=0.05 (flawless) .  Mistake:       	White=1     	Black=1      OK:         	White=10    	Black=12     Best:        	White=1     	---} 1/2-1/2

[Event "45th FIDE Olympiad 2024"]
[Site "Budapest"]
[Date "2024.09.15"]
[Round "5.8"]
[White "Mooney, Graham"]
[Black "Pitamber, Sachin Dhilan"]
[Result "1/2-1/2"]
[ECO "B38"]
[WhiteElo "1935"]
[BlackElo "1715"]
[PlyCount "66"]
[EventDate "2024.09.05"]
[EventType "team-tourn"]
[EventCountry "HUN"]
[WhiteTeam "Jersey"]
[BlackTeam "Guyana"]
[BlackTeamCountry "GUY"]
[TimeControl "40/5400+30:1800+30"]

1. e4 c5 2. Nf3 g6 3. d4 cxd4 4. Nxd4 Bg7 5. c4 Nf6 6. Nc3 d6 7. Be2 Nc6 8. Be3 O-O 9. Qd2 Bd7 10. f3 Rc8 11. O-O Ne5 12. b3 a6 13. Rac1 Qa5 14. Nd5 Qd8 15. Rfd1 Nxd5 16. exd5 f5 17. Bf1 Qe8 18. Qb4 f4 19. Bf2 g5 20. Ne6 Bxe6 21. dxe6 g4 22. Qxb7 gxf3 23. gxf3 Qg6+ 24. Bg2 Nd3 25. Rc2 Nc5 26. Qxe7 Qxc2 27. Qxd6 Nb7 28. Qd3 Qxd3 29. Rxd3 Rfd8 30. Rd7 Rxd7 31. exd7 Rc6 32. Bh3 a5 33. Bf5 Nd8 1/2-1/2

[Event "45th FIDE Olympiad 2024"]
[Site "Budapest"]
[Date "2024.09.15"]
[Round "5.9"]
[White "Shirov, Alexei"]
[Black "Ding, Liren"]
[Result "1/2-1/2"]
[ECO "E11"]
[WhiteElo "2666"]
[BlackElo "2736"]
[Annotator "TA"]
[PlyCount "87"]
[EventDate "2024.09.05"]
[EventType "team-tourn"]
[EventCountry "HUN"]
[SourceTitle "playchess.com"]
[Source "ChessBase"]
[SourceQuality "1"]
[WhiteTeam "Spain"]
[BlackTeam "China"]
[WhiteTeamCountry "ESP"]
[BlackTeamCountry "CHN"]
[TimeControl "40/5400+30:1800+30"]

1. d4 Nf6 2. c4 e6 3. Nf3 d5 4. g3 Bb4+ 5. Bd2 Be7 6. Bg2 O-O 7. O-O c6 8. Bc3 dxc4 9. a4 b5 10. axb5 {[%emt 0:01:57] The position is equal.} cxb5 11. Ne5 Nd5 12. Ba5 Qe8 13. b3 Nc6 14. bxc4 bxc4 15. e4 {[%emt 0:08:32] [#] Threatens to win with Nxc6.} Nf6 16. Nxc6 Qxc6 17. d5 Qd7 18. Nc3 {[%emt 0:25:55][%cal Od5d6] d6! is the strong threat.} Rb8 19. Qd4 exd5 20. exd5 (20. Rfd1 $5) 20... Ba6 {[%emt 0:01:01] [#]} (20... Qd6 $11 {remains equal.}) 21. Rfd1 (21. d6 $1 $16 Qxd6 (21... Bxd6 $2 {too greedy.} 22. Rfd1 $18) 22. Qxa7) 21... Bd6 $11 22. Bd8 Rfxd8 23. Rxa6 Rb6 24. Rxb6 axb6 25. Qxc4 Bc5 26. Ne4 Nxe4 27. Bxe4 g6 28. Kg2 Qe7 29. Bf3 Kg7 30. Qc3+ Qf6 31. Qxf6+ Kxf6 {[%emt 0:00:02][%mdl 4096] Endgame. KRB-KRB} 32. Be2 Ke7 33. Ra1 Rxd5 34. Ra7+ Rd7 35. Rxd7+ Kxd7 {[%emt 0:00:02] KB-KB} 36. Bc4 f6 37. f4 Kc6 38. h4 b5 {[%emt 0:00:27] Black is slightly better.} 39. Bg8 h6 40. g4 g5 41. fxg5 fxg5 42. hxg5 hxg5 43. Kf3 b4 44. Ke4 {[%emt 0:00:07] Weighted Error Value: White=0.07 (flawless) /Black=0.09 (flawless) .  Mistake:       	White=1     	Black=1      Inaccurate:     	White=1     	Black=2      OK:         	White=19    	Black=14     Best:        	White=1     	Black=1} 1/2-1/2

[Event "45th FIDE Olympiad 2024"]
[Site "Budapest"]
[Date "2024.09.15"]
[Round "5.9"]
[White "Wu, Li"]
[Black "Stratonowitsch, Andre"]
[Result "1-0"]
[ECO "D36"]
[WhiteElo "2325"]
[BlackElo "2154"]
[PlyCount "47"]
[EventDate "2024.09.05"]
[EventType "team-tourn"]
[EventCountry "HUN"]
[WhiteTeam "Isle of Man"]
[BlackTeam "Seychelles"]
[WhiteTeamCountry "IOM"]
[BlackTeamCountry "SEY"]
[TimeControl "40/5400+30:1800+30"]

1. d4 Nf6 2. c4 e6 3. Nc3 d5 4. cxd5 exd5 5. Bg5 Be7 6. e3 O-O 7. Bd3 c6 8. h3 Re8 9. Qc2 Nbd7 10. Nge2 Ne4 11. Bf4 Ndf6 12. g4 h6 13. f3 Ng5 14. Bxg5 hxg5 15. h4 gxh4 16. g5 Nd7 17. f4 Bxg5 18. fxg5 Qxg5 19. O-O-O Rxe3 20. Qd2 Qh6 21. Rdg1 Re6 22. Nf4 Rf6 23. Rg4 Nc5 24. Rgxh4 1-0

[Event "45th FIDE Olympiad 2024"]
[Site "Budapest"]
[Date "2024.09.15"]
[Round "5.10"]
[White "Wei, Yi"]
[Black "Anton Guijarro, David"]
[Result "1-0"]
[ECO "B36"]
[WhiteElo "2762"]
[BlackElo "2665"]
[Annotator "TA"]
[PlyCount "137"]
[EventDate "2024.09.05"]
[EventType "team-tourn"]
[EventCountry "HUN"]
[SourceTitle "playchess.com"]
[Source "ChessBase"]
[SourceQuality "1"]
[WhiteTeam "China"]
[BlackTeam "Spain"]
[WhiteTeamCountry "CHN"]
[BlackTeamCountry "ESP"]
[TimeControl "40/5400+30:1800+30"]

1. e4 c5 2. Nf3 Nc6 3. d4 cxd4 4. Nxd4 g6 5. c4 Nf6 6. Nc3 d6 7. Be2 Nxd4 8. Qxd4 Bg7 9. Be3 O-O 10. Qd2 a5 11. f3 a4 12. Rc1 Be6 13. Nd5 Nxd5 14. cxd5 Bd7 15. a3 e6 16. dxe6 Bxe6 17. Bd4 Bxd4 18. Qxd4 Qg5 19. Kf2 Rfc8 20. h4 Qh6 21. Rc3 Rxc3 22. bxc3 Rc8 23. c4 Qf4 24. g3 Qe5 25. Rd1 h5 26. f4 Qc5 27. Qxc5 Rxc5 28. Rd4 Kf8 29. Ke3 Ke7 30. Kd3 Bd7 31. Kc3 b5 32. Rd5 Rc8 33. e5 dxe5 34. Rxe5+ Kd6 {[%emt 0:00:11] [#]} 35. Rd5+ $1 Ke7 (35... Ke6 $16 {keeps fighting.}) 36. c5 $18 Be6 37. Re5 f6 38. Re3 Rxc5+ 39. Kb4 Rc1 40. Bxb5 Rb1+ 41. Kxa4 Kd6 42. Ka5 Bf5 (42... Rc1 $142 43. a4 Bh3) 43. a4 $18 Kc5 44. Rc3+ Kd4 45. Rc4+ Kd5 46. Rc6 Rg1 47. Kb6 (47. Rxf6 Rxg3 48. Kb6 Rb3 $18) 47... Rxg3 48. a5 (48. Rxf6 Ke4 49. a5 Kxf4 $18) 48... Rb3 49. Rc5+ (49. Rxf6 $2 Bd3 50. Kc7 Rxb5 $19 (50... Bxb5 51. Rxg6 Ke4 52. Rg5 $11)) (49. a6 $2 Rxb5+ 50. Kc7 Rc5 51. Rxc5+ Kxc5 $19) 49... Kd6 50. a6 Be4 51. a7 Rb2 (51... Ke6 $142 52. Kc7 Ra3) 52. Rc8 $18 Bh1 53. Rc3 (53. a8=B Bxa8 54. Rxa8 Ke6 $14) 53... Ba8 54. Rg3 Ke6 55. Rxg6 Kf5 56. Rh6 Kxf4 57. Rxh5 f5 $2 (57... Kg4 58. Rh8 Bf3) 58. Rh8 Bh1 59. Rg8 (59. a8=Q Bxa8 60. Rxa8 Kg4 $16) 59... Ke5 60. h5 (60. a8=B Bxa8 61. Rxa8 Rb1 $18) 60... f4 61. h6 (61. a8=B Bxa8 62. Rxa8 Kf6 $16) 61... Rh2 62. Rg6 (62. a8=B Rxh6+ 63. Kc5 Bxa8 $11) 62... Ba8 63. Bc6 f3 64. Bxa8 f2 65. Bg2 Rxg2 66. Rxg2 (66. a8=B {leads to mate.} Rxg6+ (66... f1=R 67. Bxg2 Rf8 68. h7 $18) 67. Bc6 Rxh6 (67... f1=B $2 68. Kc7 $19) 68. Kc5 f1=Q (68... f1=R 69. Bd7 Rc1+ 70. Kb5 Kd4 71. Be8 Rb1+ 72. Ka5 Kc5 73. Bd7 Ra1+ 74. Ba4 Rh7 75. Ka6 Rxa4#) (68... Rxc6+ 69. Kxc6 f1=Q 70. Kc5 Qa6 71. Kb4 Kd4 72. Kb3 Qa1 73. Kc2 Qa2+ 74. Kd1 Kd3 75. Ke1 Qe2#) 69. Bd7 Qf2+ 70. Kb4 Rb6+ 71. Bb5 Qb2+ 72. Kc4 Ke4 73. Be8 Qd4#) 66... f1=Q 67. a8=Q ({Worse is} 67. a8=B Qb1+ 68. Ka7 Qh7+ 69. Rg7 Qxh6 $15) 67... Qb1+ 68. Ka7 Qa1+ 69. Kb8 1-0

[Event "45th FIDE Olympiad 2024"]
[Site "Budapest"]
[Date "2024.09.15"]
[Round "5.10"]
[White "Meier, Peter"]
[Black "Fabri, Henrik"]
[Result "1-0"]
[ECO "E19"]
[WhiteElo "2062"]
[BlackElo "1936"]
[PlyCount "123"]
[EventDate "2024.09.05"]
[EventType "team-tourn"]
[EventCountry "HUN"]
[WhiteTeam "Seychelles"]
[BlackTeam "Isle of Man"]
[WhiteTeamCountry "SEY"]
[BlackTeamCountry "IOM"]
[TimeControl "40/5400+30:1800+30"]

1. d4 Nf6 2. c4 e6 3. Nf3 b6 4. g3 Bb7 5. Bg2 Be7 6. O-O O-O 7. Nc3 Ne4 8. Qc2 Nxc3 9. Qxc3 f5 10. Rd1 Bf6 11. Bf4 d6 12. Qd2 Qe7 13. Rac1 Nd7 14. b4 Rfd8 15. c5 dxc5 16. bxc5 Nxc5 17. Qb4 Na6 18. Qc4 Rac8 19. e4 fxe4 20. Ne5 Nb8 21. Qa4 a6 22. Ng4 b5 23. Nxf6+ gxf6 24. Qc2 f5 25. h4 Rd7 26. Bg5 Qg7 27. a4 Bd5 28. axb5 axb5 29. Bf1 c6 30. Bxb5 Ra7 31. Bc4 Nd7 32. Qd2 Nb6 33. Bf1 Rca8 34. Bh6 Qg6 35. Bf4 Nd7 36. Rb1 Qe8 37. Rb2 Ra2 38. Rdb1 e5 39. dxe5 Nxe5 40. Bxe5 Qxe5 41. Qg5+ Kh8 42. Rb7 Rc8 43. Re7 Qd4 44. Qxf5 Bg8 45. Rbb7 Qxf2+ 46. Qxf2 Rxf2 47. Kxf2 Rf8+ 48. Kg1 Rf3 49. Rb8 Rxg3+ 50. Kh2 Rc3 51. Ree8 h6 52. Rxg8+ Kh7 53. h5 e3 54. Bh3 Rc2+ 55. Kg3 Rc5 56. Bg4 Re5 57. Be2 Rd5 58. Kf4 c5 59. Bf3 Rd4+ 60. Kxe3 Rd3+ 61. Kxd3 c4+ 62. Kd4 1-0

[Event "45th FIDE Olympiad 2024"]
[Site "Budapest"]
[Date "2024.09.15"]
[Round "5.11"]
[White "Vallejo Pons, Francisco"]
[Black "Yu, Yangyi"]
[Result "1/2-1/2"]
[ECO "C47"]
[WhiteElo "2657"]
[BlackElo "2703"]
[Annotator "TA"]
[PlyCount "61"]
[EventDate "2024.09.05"]
[EventType "team-tourn"]
[EventCountry "HUN"]
[SourceTitle "playchess.com"]
[Source "ChessBase"]
[SourceQuality "1"]
[WhiteTeam "Spain"]
[BlackTeam "China"]
[WhiteTeamCountry "ESP"]
[BlackTeamCountry "CHN"]
[TimeControl "40/5400+30:1800+30"]

1. e4 e5 2. Nf3 Nc6 3. Nc3 Nf6 4. d4 exd4 5. Nxd4 Bb4 6. Nxc6 bxc6 7. Bd3 d5 8. exd5 O-O 9. O-O cxd5 10. h3 {[%emt 0:00:27] Dodges Bg4} Rb8 11. a3 Be7 12. b3 c5 13. Re1 Be6 14. Bf4 Bd6 15. Qd2 Re8 16. Nb5 Bxf4 17. Qxf4 Re7 18. b4 a6 ({But not} 18... c4 19. Nd4 Rb6 (19... cxd3 $2 {is the wrong capture.} 20. Nc6 $18) 20. Bf1 $14) 19. Nc3 cxb4 (19... Qc7 {simplifies} 20. Qxc7 Rxc7 21. bxc5 Rxc5 22. Ne2 Ra5) 20. axb4 Reb7 {[%emt 0:01:19] [#]} 21. Rxa6 {[%emt 0:09:05] White is much more active.} (21. Reb1 $1 $16) 21... Rxb4 $11 {[%emt 0:00:14] The position is equal.} 22. Qd6 Qxd6 23. Rxd6 g6 24. Ra6 Nh5 25. Ne2 Nf4 26. Nxf4 Rxf4 27. g3 Rfb4 28. Kg2 Rb1 29. Ra1 Rxe1 30. Rxe1 Kg7 31. h4 {[%emt 0:01:30] Weighted Error Value: White=0.09 (flawless) /Black=0.05 (flawless) .  Mistake:       	White=1     	---        Inaccurate:     	---       	Black=1      OK:         	White=7     	Black=13     Best:        	---       	Black=1} 1/2-1/2

[Event "45th FIDE Olympiad 2024"]
[Site "Budapest"]
[Date "2024.09.15"]
[Round "5.11"]
[White "Ormsby, Alan"]
[Black "Bonne, Robin"]
[Result "1-0"]
[ECO "B94"]
[WhiteElo "1914"]
[BlackElo "1707"]
[PlyCount "71"]
[EventDate "2024.09.05"]
[EventType "team-tourn"]
[EventCountry "HUN"]
[WhiteTeam "Isle of Man"]
[BlackTeam "Seychelles"]
[WhiteTeamCountry "IOM"]
[BlackTeamCountry "SEY"]
[TimeControl "40/5400+30:1800+30"]

1. e4 c5 2. Nf3 d6 3. d4 cxd4 4. Nxd4 a6 5. Nc3 e5 6. Nb3 Nf6 7. Bg5 Nbd7 8. Bd3 Be7 9. O-O h6 10. Be3 Nc5 11. Nxc5 dxc5 12. a4 Be6 13. Qe2 O-O 14. f3 Qc7 15. Bc4 Bxc4 16. Qxc4 Rfd8 17. Rfd1 Rac8 18. g4 g5 19. b3 a5 20. Kg2 b6 21. h4 Ne8 22. Nd5 Nd6 23. Qe2 Qb7 24. c4 f6 25. Rh1 Bf8 26. Nxf6+ Kf7 27. hxg5 Bg7 28. Nd5 hxg5 29. Bxg5 Rh8 30. Rxh8 Rxh8 31. Rh1 Kg6 32. Rxh8 Bxh8 33. Qd2 Bg7 34. Ne7+ Kf7 35. Qxd6 Bf8 36. Qg6# 1-0

[Event "45th FIDE Olympiad 2024"]
[Site "Budapest"]
[Date "2024.09.15"]
[Round "5.12"]
[White "Bu, Xiangzhi"]
[Black "Santos Latasa, Jaime"]
[Result "1/2-1/2"]
[ECO "D38"]
[WhiteElo "2693"]
[BlackElo "2624"]
[Annotator "TA"]
[PlyCount "62"]
[EventDate "2024.09.05"]
[EventType "team-tourn"]
[EventCountry "HUN"]
[SourceTitle "playchess.com"]
[Source "ChessBase"]
[SourceQuality "1"]
[WhiteTeam "China"]
[BlackTeam "Spain"]
[WhiteTeamCountry "CHN"]
[BlackTeamCountry "ESP"]
[TimeControl "40/5400+30:1800+30"]

1. d4 Nf6 2. c4 e6 3. Nc3 Bb4 4. Nf3 d5 5. Qa4+ Nc6 6. e3 O-O 7. Qc2 Re8 8. Bd2 a6 9. a3 Bd6 10. h3 Bd7 11. Bd3 dxc4 12. Bxc4 h6 13. Ne4 e5 14. dxe5 {[%emt 0:01:58] [#] aiming for Nxf6+. The position is equal.} (14. Nxd6 {keeps more tension.} cxd6 15. dxe5 Nxe5 16. Nxe5 Rxe5 17. Bc3) 14... Nxe5 (14... Nxe4 {seems wilder.} 15. exd6 cxd6 16. Bd5 Nf6) 15. Nxd6 cxd6 16. Nxe5 dxe5 17. Qb3 Be6 18. Bxe6 Rxe6 19. Rd1 Rb6 20. Qc2 Qd5 {[%emt 0:01:27] Dodges Ba5} 21. O-O Qe6 22. Ba5 Rc6 23. Qd3 Rc5 24. Bb4 Rd5 25. Qb3 Rxd1 26. Qxd1 Nd5 27. Qb3 Rd8 28. Rc1 Nf4 29. Qxe6 Nxe6 30. Kf1 f6 31. Ke2 Kf7 {[%emt 0:00:09] An even fight not without its subleties.   Weighted Error Value: White=0.03 (flawless) /Black=0.02 (flawless) .  Inaccurate:     	White=1     	---        OK:         	White=13    	Black=10} 1/2-1/2

[Event "45th FIDE Olympiad 2024"]
[Site "Budapest"]
[Date "2024.09.15"]
[Round "5.12"]
[White "Pillay, Ragul"]
[Black "Gumireddy, Sanjay"]
[Result "1-0"]
[ECO "A58"]
[WhiteElo "1633"]
[BlackElo "1907"]
[PlyCount "61"]
[EventDate "2024.09.05"]
[EventType "team-tourn"]
[EventCountry "HUN"]
[WhiteTeam "Seychelles"]
[BlackTeam "Isle of Man"]
[WhiteTeamCountry "SEY"]
[BlackTeamCountry "IOM"]
[TimeControl "40/5400+30:1800+30"]

1. d4 Nf6 2. c4 c5 3. d5 b5 4. cxb5 a6 5. bxa6 g6 6. e3 Bxa6 7. Bxa6 Qa5+ 8. Nc3 Qxa6 9. Nge2 d6 10. O-O Bg7 11. Qb3 O-O 12. Qb5 Qa7 13. Bd2 Nbd7 14. Rfb1 Ne5 15. Qb3 Rfb8 16. Nb5 Qb7 17. Nec3 c4 18. Qc2 Nfd7 19. b3 cxb3 20. Rxb3 Qc8 21. Nd4 Nb6 22. f4 Nec4 23. Nc6 Rb7 24. Bc1 e6 25. Rab1 Bxc3 26. Qxc3 exd5 27. Rxb6 Nxb6 28. Rxb6 Qc7 29. Bb2 f6 30. Rxb7 Qxb7 31. Qxf6 1-0

[Event "45th FIDE Olympiad 2024"]
[Site "Budapest"]
[Date "2024.09.15"]
[Round "5.13"]
[White "Le, Quang Liem"]
[Black "Duda, Jan-Krzysztof"]
[Result "1/2-1/2"]
[ECO "D50"]
[WhiteElo "2741"]
[BlackElo "2732"]
[Annotator "TA"]
[PlyCount "95"]
[EventDate "2024.09.05"]
[EventType "team-tourn"]
[EventCountry "HUN"]
[SourceTitle "playchess.com"]
[Source "ChessBase"]
[SourceQuality "1"]
[WhiteTeam "Vietnam"]
[BlackTeam "Poland"]
[WhiteTeamCountry "VIE"]
[BlackTeamCountry "POL"]
[TimeControl "40/5400+30:1800+30"]

1. d4 Nf6 2. c4 e6 3. Nf3 d5 4. Nc3 c5 5. cxd5 cxd4 6. Qxd4 exd5 7. Bg5 Be7 8. e3 O-O 9. Be2 Nc6 10. Qd3 h6 {[%emt 0:00:29] White has an edge.} 11. Bh4 Qb6 12. O-O Rd8 13. Rfd1 Qxb2 14. Rab1 Qa3 15. Bxf6 Bxf6 16. Nxd5 Qxd3 (16... Qxa2 {keeps more tension.} 17. Nxf6+ gxf6 18. Nd4 Nxd4 19. exd4 Qd5) 17. Nxf6+ gxf6 18. Rxd3 Bf5 19. Rxd8+ Nxd8 20. Rb2 Rc8 21. h4 Rc1+ 22. Kh2 Rc2 23. Rxc2 Bxc2 $14 {[%emt 0:00:05][%mdl 4096] Endgame. KBN-KBN} 24. Nd4 Bb1 25. Bc4 Nc6 26. Nxc6 bxc6 {[%emt 0:00:09] KB-KB} 27. Kg3 Kf8 28. Kf4 Bc2 29. e4 c5 30. g4 Bd1 31. f3 Ke7 32. Ke3 (32. Bb3 $5 Be2 $8 33. Ke3 $11) 32... Ba4 33. Kd2 Kf8 34. Bb3 Bb5 35. a4 Bf1 36. a5 Ke7 37. Bd1 {[%emt 0:02:48] Be2 is the strong threat.} Bc4 38. Be2 Be6 39. Kc3 Kd6 40. f4 {[%emt 0:06:07] aiming for Bf3.} Ke7 {[%emt 0:00:06] [#]} (40... Bc8 $1 $11 {and Black has nothing to worry.}) 41. Kd2 ({Only move:} 41. Bd1 $1 $18) 41... Kd6 42. Ke3 Bb3 (42... Bd7 $11) 43. h5 $16 {[%emt 0:00:00][%cal Og4g5] And now g5! would win.} Ke7 {[%emt 0:00:00] [#]} 44. Kd2 (44. Kd3 $1 $16) 44... Be6 $1 $11 {[%emt 0:00:00] The position is equal.} 45. Bd1 Bc8 46. Ke3 Bd7 47. Kf3 Be6 48. Ke3 {[%emt 0:00:00] Weighted Error Value: White=0.12 (very precise) /Black=0.16 (very precise) .  Mistake:       	White=2     	Black=2      Inaccurate:     	White=1     	Black=3      OK:         	White=15    	Black=17     Best:        	---       	Black=2      Strong:       	---       	Black=1} 1/2-1/2

[Event "45th FIDE Olympiad 2024"]
[Site "Budapest"]
[Date "2024.09.15"]
[Round "5.13"]
[White "Bodin-Hullin, Thomas"]
[Black "Gabriel, Davidson"]
[Result "0-1"]
[ECO "C78"]
[WhiteElo "1855"]
[BlackElo "2043"]
[PlyCount "122"]
[EventDate "2024.09.05"]
[EventType "team-tourn"]
[EventCountry "HUN"]
[WhiteTeam "Senegal"]
[BlackTeam "Haiti"]
[WhiteTeamCountry "SEN"]
[BlackTeamCountry "HAI"]
[TimeControl "40/5400+30:1800+30"]

1. e4 e5 2. Nf3 Nc6 3. Bb5 a6 4. Ba4 Nf6 5. O-O b5 6. Bb3 Bc5 7. c3 d6 8. a4 Bd7 9. d4 Bb6 10. h3 h6 11. Re1 Rb8 12. axb5 axb5 13. Nbd2 exd4 14. cxd4 Bxd4 15. Nxd4 Nxd4 16. Ba2 O-O 17. Bb1 Be6 18. Ra3 Re8 19. f4 c5 20. Nf3 b4 21. Rae3 Nxf3+ 22. Qxf3 Ra8 23. e5 dxe5 24. fxe5 Nh7 25. Rd3 Qe7 26. Rd6 Nf8 27. Be3 Rec8 28. Bxc5 Rxc5 29. Qxa8 Rxe5 30. Rxe5 Qxd6 31. Re1 Qd2 32. Qe4 Bf5 33. Qe8 Be6 34. Rxe6 fxe6 35. Bg6 Qd7 36. Qxd7 Nxd7 37. Kf2 Nc5 38. Ke3 e5 39. g4 Kf8 40. Kd2 Ke7 41. h4 Ke6 42. Ke3 Na4 43. b3 Nc5 44. Bc2 Kd5 45. Bd1 e4 46. Bc2 Ke5 47. Bd1 Ne6 48. Bc2 Nd4 49. Bd1 h5 50. gxh5 Nf5+ 51. Kd2 Nxh4 52. Be2 Kd4 53. Bc4 Ng2 54. Bf7 Nf4 55. Be8 e3+ 56. Kc2 Ke4 57. Bc6+ Kf5 58. Be8 Kg4 59. Kd1 Kf3 60. Bc6+ Kf2 61. Bb5 Nxh5 {0-} 0-1

[Event "45th FIDE Olympiad 2024"]
[Site "Budapest"]
[Date "2024.09.15"]
[Round "5.14"]
[White "Wojtaszek, Radoslaw"]
[Black "Nguyen, Ngoc Truong Son"]
[Result "0-1"]
[ECO "D41"]
[WhiteElo "2681"]
[BlackElo "2633"]
[Annotator "TA"]
[PlyCount "94"]
[EventDate "2024.09.05"]
[EventType "team-tourn"]
[EventCountry "HUN"]
[SourceTitle "playchess.com"]
[Source "ChessBase"]
[SourceQuality "1"]
[WhiteTeam "Poland"]
[BlackTeam "Vietnam"]
[WhiteTeamCountry "POL"]
[BlackTeamCountry "VIE"]
[TimeControl "40/5400+30:1800+30"]

1. d4 Nf6 2. c4 e6 3. Nf3 d5 4. Nc3 c5 5. cxd5 Nxd5 6. e4 Nxc3 7. bxc3 cxd4 8. cxd4 Bb4+ 9. Bd2 Bxd2+ 10. Qxd2 O-O 11. Bc4 Nd7 12. O-O {[%emt 0:00:10] D41: Queen's Gambit Declined: Semi-Tarrasch with 5 cxd5.} b6 13. d5 Nf6 14. Qf4 exd5 15. Rad1 Qd7 $5 $146 {[%emt 0:25:14][%mdl 8] An interesting novelty.} ({Predecessor:} 15... Re8 16. e5 Qc7 17. Bb3 Ne4 18. Rxd5 Nc5 19. Bc4 Ne6 20. Qh4 Bb7 21. Rd6 Bxf3 22. gxf3 {½-½ Martirosyan,H (2688)-Naiditsch,A (2651) ESP-chT CECLUB Honor 2023 (3.2)}) 16. exd5 Qg4 (16... Bb7 $11) 17. Qc7 Qh5 18. Ne5 (18. Rde1 $14) 18... Bh3 $1 $11 19. Rfe1 (19. gxh3 Rac8 20. Qxa7 Qxe5 $15) 19... Rac8 $1 20. Qxa7 (20. Qe7 $1 $11 {remains equal.} Rfe8 21. d6 (21. Qd6 $2 Ne4 $19) 21... Rxe7 22. dxe7) 20... Bxg2 $1 $17 21. Kxg2 (21. Rd4 $17 Be4 22. Rdxe4 (22. Rexe4 Nxe4 23. Rxe4 Rxc4 $15) 22... Nxe4 23. Rxe4 Rxc4 24. Rxc4 (24. Nxc4 $2 Qg6+ 25. Kf1 Qxe4 $19) 24... Qd1+ (24... Qxe5 25. Qd7 $11) 25. Kg2 Qxd5+ 26. Kg1 Qxe5 27. Qxb6) 21... Ng4 $1 $19 22. Nf3 Rxc4 23. Qe7 $2 (23. Qxb6 {might work better.} Rc2 24. Rd2 Rxd2 25. Nxd2 Qxh2+ (25... Qxd5+ 26. Ne4 $17) 26. Kf3 Ne5+ 27. Ke2 Qh5+ 28. f3 Qh2+ 29. Kf1 Qh3+ (29... Qxd2 30. Rxe5 Qc3 31. Qe3 $17) 30. Kg1 Qg3+ (30... Nxf3+ $2 31. Nxf3 Qg3+ 32. Kf1 $19) 31. Kf1 Qh3+ (31... Nxf3 $2 32. Nxf3 Qxf3+ 33. Kg1 $19) 32. Kg1 Nxf3+ 33. Nxf3 Qg3+ (33... Qxf3 34. Qc6 $17) 34. Kh1 Qxf3+ 35. Kg1 Qxd5 36. Qf2) 23... Nf6 $1 $19 24. Qe2 Rf4 $2 (24... Re4 $19 {is more deadly.} 25. Qd3 Rg4+ 26. Kh1 Rf4) 25. Ng1 Qf5 26. d6 Ne4 27. f3 (27. Nh3 $17 Rg4+ 28. Kf1) 27... Nc3 $19 28. Qe7 Nxd1 29. d7 Qg6+ $1 (29... Rd4 30. Qxf8+ Kxf8 31. Re8#) 30. Kf1 {[%emt 0:00:05] [#]} Qd3+ $1 31. Kg2 {[%emt 0:01:23] [#]} g6 $1 ({Weaker is} 31... Rd4 32. Qxf8+ Kxf8 33. Re8#) 32. Qxf8+ Kxf8 33. Re8+ Kg7 34. d8=Q Qxd8 35. Rxd8 Nc3 36. Ra8 b5 37. Kf2 Rb4 38. Ke3 Rb2 39. a3 Rxh2 40. Kd3 Rg2 41. Kxc3 (41. Rc8 $142) 41... Rxg1 $19 42. Ra5 Rf1 43. Rxb5 Rxf3+ 44. Kb4 h5 45. a4 h4 46. a5 h3 47. Rc5 Rf4+ 0-1

[Event "45th FIDE Olympiad 2024"]
[Site "Budapest"]
[Date "2024.09.15"]
[Round "5.14"]
[White "Etienne, Angelo"]
[Black "Lesbros, Bernard"]
[Result "1-0"]
[ECO "A34"]
[WhiteElo "2122"]
[BlackElo "1938"]
[PlyCount "95"]
[EventDate "2024.09.05"]
[EventType "team-tourn"]
[EventCountry "HUN"]
[WhiteTeam "Haiti"]
[WhiteTeamCountry "HAI"]
[TimeControl "40/5400+30:1800+30"]

1. Nf3 c5 2. g3 g6 3. c4 Bg7 4. Nc3 e5 5. Bg2 Ne7 6. d3 O-O 7. h4 Nbc6 8. h5 d6 9. hxg6 hxg6 10. Bg5 Qa5 11. Qd2 Bg4 12. Bh6 Nf5 13. Bxg7 Kxg7 14. Nh2 Ncd4 15. Rb1 Bxe2 16. Nxe2 Qxa2 17. O-O Rh8 18. Nxd4 Nxd4 19. Nf3 Ne6 20. Qc3 Qa6 21. b4 b6 22. bxc5 bxc5 23. Nxe5 Nd4 24. Nc6 Qa3 25. Qb2 Qxb2 26. Rxb2 Nf5 27. Be4 Rac8 28. Nxa7 Rb8 29. Rxb8 Rxb8 30. Bxf5 gxf5 31. Nb5 d5 32. Kg2 dxc4 33. dxc4 Re8 34. Rd1 f4 35. Nd6 Re2 36. Kf3 Rc2 37. g4 Kf6 38. Rd5 Ke6 39. Ne4 Rxc4 40. Rxc5 Rd4 41. Kxf4 Ra4 42. Rc6+ Kd5 43. Rd6+ Kc4 44. Rf6 Kd3 45. f3 Ra7 46. Nd6 Ra6 47. g5 Ra4+ 48. Kg3 1-0